 Dungeon Crawl Stone Soup version 0.31.0-9-g3a7656b989 (webtiles) character file.

Game seed: 18363196198105996266

121 qw the Skirmisher (level 4, -1/25 HPs)
             Began as a Deep Elf Hunter on Feb 2, 2024.
             Slain by an adder (2 damage)
             ... on level 3 of the Dungeon.
             The game lasted 00:00:07 (2102 turns).

qw the Skirmisher (Deep Elf Hunter)                 Turns: 2102, Time: 00:00:07

Health: -1/25      AC:  5    Str: 10    XL:     4   Next: 77%
Magic:  6/6        EV: 11    Int: 14    God:
Gold:   99         SH:  0    Dex: 18    Spells: 3/3 levels left

rFire   . . .        a - +0 shortbow
rCold   . . .        (shield currently unavailable)
rNeg    . . .        k - +0 ring mail
rPois   .            (no helmet)
rElec   .            (no cloak)
rCorr   .            (no gloves)
SInv    .            (no boots)
Will    .....        (no amulet)
Stlth   +            (no ring)
HPRegen 0.24/turn    (no ring)
MPRegen 0.10/turn

%: no passive effects
@: lethally poisoned (-1 -> -7), about to teleport
A: no striking features
a: no special abilities


You were on level 3 of the Dungeon.
You visited 1 branch of the dungeon, and saw 3 of its levels.

You collected 183 gold pieces.
You spent 84 gold pieces at shops.


   Skills:
 - Level 1.5 Fighting
 + Level 8.2 Ranged Weapons
 - Level 2.4 Dodging
 - Level 1.2 Stealth


You had 3 spell levels left.
You didn't know any spells.
Your spell library was empty.

Inventory:

Hand Weapons
 a - a +0 shortbow (weapon)
Armour
 e - a +0 helmet
 k - a +0 ring mail (worn)
Jewellery
 g - a ring of magical power
Scrolls
 b - 2 scrolls of identify
 l - a scroll of teleportation
Potions
 c - a potion of degeneration {unknown}
 d - a potion of heal wounds
 f - 2 potions of curing

Dungeon Overview and Level Annotations

Branches:
Dungeon (3/15)

Altars:
Dithmenos

Shops:
D:1 ?


Message History

The adder barely misses you. The adder bites you.
You are poisoned.
The adder poisons you!
An endoplasm comes into view.
The goblin hits you with a +0 dagger.
You shoot an arrow. The arrow barely misses the adder.
You feel sick. The adder bites you. The goblin hits you but does no damage.
You shoot an arrow. The arrow hits the adder.
The adder is moderately wounded.
You feel sick. The adder bites you. The goblin hits you but does no damage.
The adder barely misses you.
You shoot an arrow. The arrow barely misses the adder.
You feel sick. The adder barely misses you.
The goblin hits you but does no damage.
You shoot an arrow. The arrow hits the adder.
The adder is almost dead.
You feel sick. The adder bites you but does no damage.
The goblin hits you but does no damage. The adder bites you.
You are more poisoned.
The adder poisons you!
You shoot an arrow. The arrow hits the adder.
The adder is almost dead.
You feel sick. The goblin hits you but does no damage.
The adder barely misses you.
You shoot an arrow. The arrow closely misses the adder.
The arrow barely misses the endoplasm.
You feel sick. The adder barely misses you. The goblin closely misses you.
The adder bites you.
You are lethally poisoned!
The adder poisons you! The goblin barely misses you.
You shoot an arrow.
The arrow hits the adder but does no damage.
The adder is almost dead.
You feel sick. The adder barely misses you. Something hits you.
The goblin hits you with a +0 dagger.
2102 ||| READING 2 scrolls of teleportation.
As you read the scroll of teleportation, it crumbles to dust.
You feel strangely unstable.
You feel sick. The adder bites you.
You die...

#.......##.#.#.#
#.#
######>##....#.#
#.# ####..###.
#.######## #..#
#......... #..#
########## #..#
#..# #..# #.@#
.......gS......
.#####.J.......
...#....).
..#.#..#...
.#.#....# #.
..#.#.. .. ..
#.... ...


You could see an adder, an endoplasm and a goblin.

Vanquished Creatures
  A hound (D:2)
  Natasha (D:3)
  A ribbon worm (D:3)
  3 dart slugs
  2 orcs (D:3)
  5 ball pythons
  5 bats
  8 endoplasms
  2 giant cockroaches
  6 hobgoblins
  2 quokkas (D:1)
  A frilled lizard (D:3)
  5 goblins
  3 kobolds
  6 rats
51 creatures vanquished.

Notes
Turn   | Place    | Note
-------+----------+-------------------------------------------
     0 | D:1      | qw the Deep Elf Hunter began the quest for the Orb.
     0 | D:1      | Reached XP level 1. HP: 12/12 MP: 3/3
     0 | D:1      | 0 ||| qw: Version: 0.3-a-155-g5e7d8dd
     0 | D:1      | 0 ||| qw: Game counter: 1537
     0 | D:1      | 0 ||| qw: Melee chars always use a shield: true
     0 | D:1      | 0 ||| qw: God list: Okawaru
     0 | D:1      | 0 ||| qw: Allow faded altars: false
     0 | D:1      | 0 ||| qw: Do Orc after clearing Dungeon:15 true
     0 | D:1      | 0 ||| qw: Do second Lair branch before Depths: true
     0 | D:1      | 0 ||| qw: Lair rune preference: random
     0 | D:1      | 0 ||| qw: Goals: Normal
     0 | D:1      | 0 ||| PLANNING D:1-11
   150 | D:1      | Reached skill level 6 in Ranged Weapons
   150 | D:1      | Reached XP level 2. HP: 14/16 MP: 4/4
   550 | D:1      | Reached XP level 3. HP: 20/20 MP: 5/5
   701 | D:1      | Found Tej Jomn's Magic Scroll Emporium.
   707 | D:1      | 707 ||| SHOPLISTING 2 scrolls of acquirement (1248 gold,
                  | have 88).
   707 | D:1      | 707 ||| SHOPLISTING scroll of enchant armour (90 gold, have
                  | 88).
   707 | D:1      | 707 ||| SHOPLISTING scroll of enchant weapon (90 gold, have
                  | 88).
   707 | D:1      | 707 ||| BUYING scroll of identify (24 gold).
   707 | D:1      | Bought a scroll of identify for 24 gold pieces
   707 | D:1      | 707 ||| BUYING scroll of identify (24 gold).
   707 | D:1      | Bought a scroll of identify for 24 gold pieces
   707 | D:1      | 707 ||| BUYING scroll of teleportation (36 gold).
   707 | D:1      | Bought a scroll of teleportation for 36 gold pieces
   784 | D:1      | 784 ||| UPGRADING to +0 ring mail.
   794 | D:1      | 794 ||| DROPPING +0 leather armour.
   795 | D:1      | 795 ||| READING 3 scrolls of identify.
   795 | D:1      | 795 ||| IDENTIFYING fuming yellow potion
   796 | D:1      | 796 ||| READING 2 scrolls of identify.
   796 | D:1      | 796 ||| IDENTIFYING white potion
   797 | D:1      | 797 ||| READING scroll of identify.
   797 | D:1      | 797 ||| IDENTIFYING 2 black potions
   798 | D:1      | 798 ||| READING scroll labelled QUIGIME SAEGO.
   799 | D:1      | 799 ||| READING scroll labelled IFEOTU UCSIC.
   800 | D:1      | 800 ||| READING scroll labelled INOPSYEPPI.
   901 | D:1      | 901 ||| DROPPING scroll of butterflies.
   902 | D:1      | 902 ||| DROPPING potion of brilliance.
  1061 | D:2      | Reached skill level 7 in Ranged Weapons
  1139 | D:2      | Found a shadowy altar of Dithmenos.
  1368 | D:2      | Reached XP level 4. HP: 18/25 MP: 6/6
  1520 | D:2      | 1520 ||| READING scroll labelled YSMOFRO QIUPT.
  1521 | D:2      | 1521 ||| READING scroll labelled LAULEA AKEM.
  1522 | D:2      | 1522 ||| READING scroll labelled MUNORIXA AXOR.
  1560 | D:3      | Noticed Natasha
  1567 | D:3      | Killed Natasha
  1568 | D:3      | Reached skill level 8 in Ranged Weapons
  2101 | D:3      | HP: 6/25 [something (1)]
  2102 | D:3      | 2102 ||| READING 2 scrolls of teleportation.
  2102 | D:3      | HP: 1/25 [poisoned by an adder]
  2102 | D:3      | Slain by an adder

Levels and vault maps discovered:
D:1:      eino_arrival_tree_alley, layout_basic, serial_shops, shop,
          minmay_octomino_e4
D:2:      layout_loops_cross, basic_altar
D:3:      minmay_thinvault, layout_basic, shapermc_ecumenical_altar_hornbeckon,
          uniq_natasha

Skill      XL: |  1  2  3  4 |
---------------+-------------+-----
Ranged Weapons | 6 7 8 |  8.2
Fighting       | |  1.5
Dodging        | |  2.4
Stealth        | |  1.2

Action                     |  1- 3 |  4- 6 || total
---------------------------+-------+-------++-------
   Fire: Shortbow          |   104 |    42 ||   146
    Use: Scroll            |     6 |     4 ||    10
 Armour: Leather armour    |    27 |       ||    27
         Ring mail         |    11 |    21 ||    32
  Dodge: Dodged            |    33 |    15 ||    48

Table legend:
 A = Non-vault XP
 B = Vault XP
 C = Vault XP percentage of total XP
 D = Non-vault monster count
 E = Vault monster count
 F = Vault count percentage of total count
                 A         B        C        D         E       F
            +---------+---------+-------+---------+---------+-------
      Total |     133 |      41 |  23.6 |      46 |       5 |   9.8
            +---------+---------+-------+---------+---------+-------
        D:1 |      45 |       5 |  10.0 |      24 |       3 |  11.1
        D:2 |      68 |       0 |   0.0 |      15 |       0 |   0.0
        D:3 |      20 |      36 |  64.3 |       7 |       2 |  22.2
            +---------+---------+-------+---------+---------+-------
